 Dungeon Crawl Stone Soup version 0.31-a0-180-g519b7de00c (webtiles) character file.

Game seed: 1039772920636647535

6403 Moral the Cleaver (level 10, -13/112 (124) HPs)
             Began as a Gnoll Berserker on June 20, 2023.
             Was an Elder of Trog.
             Killed from afar by Fannar (21 damage)
             ... with a bolt of cold
             ... on level 1 of the Orcish Mines.
             The game lasted 00:26:33 (8085 turns).

Moral the Cleaver (Gnoll Berserker)                 Turns: 8085, Time: 00:26:34

HP:   -13/112 (124) AC: 11    Str: 20    XL:     10   Next: 98%
MP:   0/19          EV: 14    Int:  8    God:    Trog [****..]
Gold: 361           SH:  0    Dex: 11    Spells: 21/21 levels left

rFire   . . .        x - +5 scimitar
rCold   . . .        (no shield)
rNeg    . . .        w - +0 troll leather armour
rPois   .            b - +0 helmet
rElec   .            c - +1 cloak {Will+}
rCorr   .            m - +0 pair of gloves
SInv    .            r - +0 pair of boots
Will    +....        d - amulet of guardian spirit Stlth
                     (no ring)
HPRegen 1.18/turn    (no ring)
MPRegen 0.16/turn

%: guardian spirit
@: berserking (expiring), lethally poisoned (-13 -> -16), studying Unarmed
Combat, drained, very quick
A: fangs 1, strong nose, distributed training
a: Renounce Religion, Berserk, Trog's Hand, Brothers in Arms


You were on level 1 of the Orcish Mines.
You worshipped Trog.
Trog was greatly pleased with you.
You visited 2 branches of the dungeon, and saw 10 of its levels.

You collected 542 gold pieces.
You spent 181 gold pieces at shops.

Inventory:

Hand Weapons
 x - a +5 scimitar (weapon)
Missiles
 f - 2 throwing nets
 u - 31 poisoned darts
Armour
 b - a +0 helmet (worn)
 c - a +1 cloak of willpower (worn)
 m - a +0 pair of gloves (worn)
 r - a +0 pair of boots (worn)
 w - a +0 troll leather armour (worn)
Jewellery
 d - an amulet of guardian spirit (around neck)
Wands
 h - a wand of roots (13)
 j - a wand of charming (8)
 q - a wand of mindburst (6)
Scrolls
 a - a scroll of identify
 g - 2 scrolls of enchant weapon
 i - 2 scrolls of fog
 l - a scroll of summoning
 n - 4 scrolls of teleportation
 p - a scroll of blinking
 v - a scroll of revelation
Potions
 e - 3 potions of curing
 k - a potion of mutation {unknown}
 o - 3 potions of haste {unknown}
 s - a potion of enlightenment {unknown}
 t - 3 potions of lignification {unknown}
 z - a potion of heal wounds {unknown}
 A - a potion of attraction {unknown}


   Skills:
 + Level 9.0 Fighting
 + Level 6.0 Short Blades
 + Level 6.0 Long Blades
 + Level 9.0 Axes
 + Level 6.0 Maces & Flails
 + Level 6.0 Polearms
 + Level 6.0 Staves
 + Level 6.0 Ranged Weapons
 + Level 6.0 Throwing
 + Level 7.6 Armour
 + Level 7.6 Dodging
 + Level 6.0 Stealth
 + Level 6.0 Shields
 + Level 7.9 Unarmed Combat
 + Level 6.0 Spellcasting
 + Level 5.0 Conjurations
 + Level 5.0 Hexes
 + Level 5.0 Summonings
 + Level 5.0 Necromancy
 + Level 5.0 Translocations
 + Level 5.0 Transmutations
 + Level 5.0 Fire Magic
 + Level 5.0 Ice Magic
 + Level 5.0 Air Magic
 + Level 5.0 Earth Magic
 + Level 5.0 Poison Magic
 + Level 6.6 Invocations
 + Level 6.0 Evocations


You had 21 spell levels left.
You didn't know any spells.
Your spell library was empty.

Dungeon Overview and Level Annotations

Branches:
Dungeon (9/15)             Temple (0/1) D:6            Lair (0/5) D:9
    Orc (1/2) D:9

Altars:
Sif Muna
Trog
Xom
Yredelemnul

Shops:
D:3 *

Annotations:
Orc:1 Fannar


Innate Abilities, Weirdness & Mutations

You have very sharp teeth.
Your uncanny sense of smell can sniff out nearby items.
Your experience applies equally to all skills.


Message History

The ice beast hits you but does no damage.
You hit Fannar.
Fannar is moderately wounded.
You feel sick. The orc hits you with a +0 hand axe.
The orc completely misses you. Something hits you but does no damage.
The orc hits you but does no damage.
You are more poisoned.
Fannar hits you with a +0 quarterstaff of freezing.
Fannar freezes you. The ice beast hits you.
* * * LOW HITPOINT WARNING * * *
The ice beast freezes you!
* * * LOW HITPOINT WARNING * * *
You slash Fannar!
Fannar is moderately wounded.
You feel very sick. The orc barely misses you. The orc closely misses you.
Something hits you but does no damage. The orc barely misses you.
Fannar gestures wildly while chanting.
Fannar drains the heat from the surrounding environment!
* * * LOW HITPOINT WARNING * * *
The orc dies! x3
You are too berserk!
You slash Fannar!
Fannar is heavily wounded.
You feel sick. The ice beast barely misses you.
Fannar casts a spell.
Fannar drains the heat from the surrounding environment!
* * * LOW HITPOINT WARNING * * *
Reactivating autopickup.
You are too berserk!
You slash Fannar!
Fannar is severely wounded.
You feel very sick. The ice beast closely misses you.
You hit Fannar. Your punch misses Fannar.
Fannar is severely wounded.
You feel sick. Fannar gestures at you while chanting.
The bolt of cold hits you!!
You die...

..#......
..#....
.$....
.....##
#.....##
##....#.##
#Y)e.....#
#)@).....#
##<)#^#...
#...#
##..# #...
##.## ##


You could see Fannar and an ice beast (summoned).

Vanquished Creatures
  A troll (D:5)
  A hornet (D:9)
  A wyvern (D:7)
  5 yaks (D:6)
  A steam dragon (D:7)
  3 water moccasins
  An acid dragon (D:8)
  2 orc warriors (Orc:1)
  A black bear (D:7)
  4 ice beasts
  2 sky beasts
  3 centaurs
  6 phantoms
  6 kobold brigands
  6 bullfrogs
  2 gnoll sergeants (D:9)
  17 wights
  4 killer bees (D:8)
  4 howler monkeys
  3 jellies
  Crazy Yiuf (D:6)
  6 orc priests
  3 hounds (D:5)
  5 iguanas
  4 orc wizards
  A sleepcap (D:5)
  9 gnolls
  5 adders
  A white imp (D:5)
  3 ufetubi
  3 worms
  3 dart slugs
  32 orcs
  5 bats
  3 endoplasms
  2 giant cockroaches
  17 goblins
  9 hobgoblins
  7 jackals
  2 quokkas
  3 ball pythons
  3 frilled lizards (D:1)
  20 kobolds
  9 rats
229 creatures vanquished.

Vanquished Creatures (others)
  An orc wizard (Orc:1)
  3 orcs (Orc:1)
4 creatures vanquished.

Grand Total: 233 creatures vanquished

Notes
Turn   | Place    | Note
-------+----------+-------------------------------------------
     0 | D:1      | Moral the Gnoll Berserker began the quest for the Orb.
     0 | D:1      | Reached XP level 1. HP: 23/23 MP: 1/1
   200 | D:1      | Reached XP level 2. HP: 28/29 MP: 2/2
   789 | D:1      | Reached XP level 3. HP: 31/35 MP: 3/3
  1009 | D:2      | Reached skill level 1 in Invocations
  1166 | D:2      | Reached ** piety under Trog
  1210 | D:2      | Reached skill level 1 in Short Blades
  1210 | D:2      | Reached skill level 1 in Long Blades
  1210 | D:2      | Reached skill level 1 in Maces & Flails
  1210 | D:2      | Reached skill level 1 in Polearms
  1210 | D:2      | Reached skill level 1 in Staves
  1210 | D:2      | Reached skill level 1 in Ranged Weapons
  1210 | D:2      | Reached skill level 1 in Throwing
  1210 | D:2      | Reached skill level 1 in Stealth
  1210 | D:2      | Reached skill level 1 in Shields
  1210 | D:2      | Reached skill level 1 in Unarmed Combat
  1210 | D:2      | Reached skill level 1 in Spellcasting
  1210 | D:2      | Reached skill level 1 in Evocations
  1218 | D:2      | Reached XP level 4. HP: 36/41 MP: 5/5
  1462 | D:2      | Found a faded altar of an unknown god.
  1854 | D:3      | Found Gaikel's General Store.
  2062 | D:3      | Reached skill level 1 in Conjurations
  2062 | D:3      | Reached skill level 1 in Hexes
  2062 | D:3      | Reached skill level 1 in Summonings
  2062 | D:3      | Reached skill level 1 in Necromancy
  2062 | D:3      | Reached skill level 1 in Translocations
  2062 | D:3      | Reached skill level 1 in Transmutations
  2062 | D:3      | Reached skill level 1 in Fire Magic
  2062 | D:3      | Reached skill level 1 in Ice Magic
  2062 | D:3      | Reached skill level 1 in Air Magic
  2062 | D:3      | Reached skill level 1 in Earth Magic
  2062 | D:3      | Reached skill level 1 in Poison Magic
  2657 | D:4      | Found a bloodstained altar of Trog.
  2673 | D:4      | Reached XP level 5. HP: 44/47 MP: 5/7
  2858 | D:4      | Reached *** piety under Trog
  3242 | D:5      | Entered Level 5 of the Dungeon
  3280 | D:5      | Noticed a troll
  3292 | D:5      | Killed a troll
  3293 | D:5      | Reached skill level 5 in Armour
  3293 | D:5      | Reached skill level 5 in Dodging
  3293 | D:5      | Reached XP level 6. HP: 55/55 MP: 6/9
  3293 | D:5      | Reached XP level 7. HP: 60/60 MP: 6/10
  3427 | D:5      | Reached XP level 8. HP: 63/67 MP: 10/12
  3600 | D:5      | Found a shimmering altar of Xom.
  3601 | D:5      | Found a shimmering blue altar of Sif Muna.
  3858 | D:6      | Noticed a yak
  3859 | D:6      | Noticed a yak
  3859 | D:6      | Noticed a yak
  3860 | D:6      | Noticed a yak
  3860 | D:6      | Noticed a yak
  3871 | D:6      | Killed a yak
  3876 | D:6      | Killed a yak
  4052 | D:3      | Bought a +1 cloak of willpower for 181 gold pieces
  4154 | D:6      | Killed a yak
  4155 | D:6      | Reached XP level 9. HP: 74/74 MP: 7/15
  4161 | D:6      | Reached skill level 5 in Unarmed Combat
  4269 | D:6      | Reached **** piety under Trog
  4368 | D:6      | Found a staircase to the Ecumenical Temple.
  4375 | D:6      | Reached skill level 5 in Invocations
  4495 | D:6      | Found a runed translucent door.
  4496 | D:6      | Noticed Crazy Yiuf
  4800 | D:6      | Killed Crazy Yiuf
  5121 | D:7      | Reached skill level 5 in Short Blades
  5121 | D:7      | Reached skill level 5 in Long Blades
  5121 | D:7      | Reached skill level 5 in Maces & Flails
  5121 | D:7      | Reached skill level 5 in Polearms
  5121 | D:7      | Reached skill level 5 in Staves
  5121 | D:7      | Reached skill level 5 in Ranged Weapons
  5121 | D:7      | Reached skill level 5 in Throwing
  5121 | D:7      | Reached skill level 5 in Stealth
  5121 | D:7      | Reached skill level 5 in Shields
  5121 | D:7      | Reached skill level 5 in Spellcasting
  5121 | D:7      | Reached skill level 5 in Evocations
  5121 | D:7      | Reached XP level 10. HP: 81/81 MP: 17/17
  7426 | D:9      | Found a staircase to the Lair.
  7459 | D:9      | Found a staircase to the Orcish Mines.
  7964 | D:9      | Found a basalt altar of Yredelemnul.
  8062 | Orc:1    | Entered Level 1 of the Orcish Mines
  8065 | Orc:1    | Noticed Fannar
  8074 | Orc:1    | Reached skill level 5 in Conjurations
  8074 | Orc:1    | Reached skill level 5 in Hexes
  8074 | Orc:1    | Reached skill level 5 in Summonings
  8074 | Orc:1    | Reached skill level 5 in Necromancy
  8074 | Orc:1    | Reached skill level 5 in Translocations
  8074 | Orc:1    | Reached skill level 5 in Transmutations
  8074 | Orc:1    | Reached skill level 5 in Fire Magic
  8074 | Orc:1    | Reached skill level 5 in Ice Magic
  8074 | Orc:1    | Reached skill level 5 in Air Magic
  8074 | Orc:1    | Reached skill level 5 in Earth Magic
  8074 | Orc:1    | Reached skill level 5 in Poison Magic
  8085 | Orc:1    | Killed from afar by Fannar

Illustrated notes

Levels and vault maps discovered:
D:1:      saegor_arrival_simple_b, layout_loops_corners
D:2:      layout_rooms, shapermc_ecumenical_altar_hornbeckon,
          minmay_goblin_outpost
D:3:      layout_rooms, serial_shops, nicolae_shop_hallway_plus
D:4:      minmay_chambers_of_threes, layout_cave_pods, trog_hazing_becter,
          kennysheep_cross_bottleneck
D:5:      minmay_octagon_keep, layout_rooms,
          chequers_temple_overflow_statue_of_worship, glass_columns_a
D:6:      layout_gridville, minmay_temple_entry_glass,
          corexii_item_surrounded_by_moat, minmay_bent, uniq_crazy_yiuf_cottage
D:7:      layout_basic, nrook_mini_vaults
D:8:      layout_basic, minivault_22, nrook_uturn, chequers_mini_garden
D:9:      layout_cave_pods, overflow_temple_1_default, lair_entry_dummy,
          orc_0_dummy, minmay_crystal_room
Orc:1:    lemuel_ogre_cave, layout_caves, basic_altar, guppyfry_orc_lava_fort,
          uniq_jorgrun, uniq_fannar

Skill      XL: |  1  2  3  4  5  6  7  8  9 10 |
---------------+-------------------------------+-----
Invocations    | 1 2 3 4 5 6 |  6.6
Short Blades   | 1 2 3 4 5 6 |  6.0
Long Blades    | 1 2 3 4 5 6 |  6.0
Maces & Flails | 1 2 3 4 5 6 |  6.0
Polearms       | 1 2 3 4 5 6 |  6.0
Staves         | 1 2 3 4 5 6 |  6.0
Ranged Weapons | 1 2 3 4 5 6 |  6.0
Throwing       | 1 2 3 4 5 6 |  6.0
Stealth        | 1 2 3 4 5 6 |  6.0
Shields        | 1 2 3 4 5 6 |  6.0
Unarmed Combat | 1 2 3 4 6 7 |  7.9
Spellcasting   | 1 2 3 4 5 6 |  6.0
Evocations     | 1 2 3 4 5 6 |  6.0
Conjurations   | 1 2 3 4 5 |  5.0
Hexes          | 1 2 3 4 5 |  5.0
Summonings     | 1 2 3 4 5 |  5.0
Necromancy     | 1 2 3 4 5 |  5.0
Translocations | 1 2 3 4 5 |  5.0
Transmutations | 1 2 3 4 5 |  5.0
Fire Magic     | 1 2 3 4 5 |  5.0
Ice Magic      | 1 2 3 4 5 |  5.0
Air Magic      | 1 2 3 4 5 |  5.0
Earth Magic    | 1 2 3 4 5 |  5.0
Poison Magic   | 1 2 3 4 5 |  5.0
Fighting       | 7 8 9 |  9.0
Axes           | 7 8 9 |  9.0
Armour         | 5 6 7 |  7.6
Dodging        | 5 6 7 |  7.6

Action                     |  1- 3 |  4- 6 |  7- 9 | 10-12 || total
---------------------------+-------+-------+-------+-------++-------
  Melee: Hand axe          |   124 |   123 |   289 |    39 ||   575
         Bite              |    13 |    15 |    42 |    49 ||   119
         Punch             |     1 |     1 |    14 |    19 ||    35
         Short sword       |       |       |    88 |   157 ||   245
         Scimitar          |       |       |       |   200 ||   200
 Invoke: Berserk           |       |     2 |     7 |     5 ||    14
         Trog's Hand       |       |       |     1 |       ||     1
  Evoke: Wand              |       |     1 |       |       ||     1
    Use: Scroll            |       |     2 |     8 |     1 ||    11
         Potion            |       |       |     4 |       ||     4
   Stab: Sleeping          |       |     2 |     2 |     1 ||     5
         Invisible         |       |       |    11 |       ||    11
 Armour: Animal skin       |    28 |    45 |       |       ||    73
         Troll leather arm |       |       |   140 |   210 ||   350
  Dodge: Dodged            |    64 |   106 |   281 |   393 ||   844

Table legend: (Time is in decaauts)
 A = Elapsed time spent in this place.
 B = Non-inter-level travel time spent in this place.
 C = Inter-level travel time spent in this place.
 D = Time resting spent in this place.
 E = Time spent auto-exploring this place.
 F = Levels seen in this place.
 G = Mean time per level.
                   A        B        C        D        E       F      G
               +--------+--------+--------+--------+--------+-----+--------+
         Total |   8124 |   7676 |    448 |    579 |   4942 |  10 |  812.4 |
       Dungeon |   8107 |   7659 |    448 |    579 |   4942 |   9 |  900.8 |
  Orcish Mines |     17 |     17 |      0 |      0 |      0 |   1 |   17.0 |
               +--------+--------+--------+--------+--------+-----+--------+

Top non-repeatable levels by time:
     D:7: 1117 daAuts
     D:8: 1081 daAuts
     D:9: 991 daAuts
     D:1: 918 daAuts
     D:2: 851 daAuts
     D:3: 840 daAuts
     D:6: 825 daAuts
     D:4: 751 daAuts
     D:5: 728 daAuts
   Orc:1: 17 daAuts
